 Dungeon Crawl Stone Soup version 0.18.1-50-g88ac8fd (webtiles) character file.

274 epen the Insei (level 6, 0/49 HPs)
             Began as a Merfolk Monk on Sept 15, 2016.
             Slain by a worker ant (5 damage)
             ... on level 5 of the Dungeon.
             The game lasted 00:04:05 (3838 turns).

epen the Insei (Merfolk Monk)                       Turns: 3838, Time: 00:04:07

Health: 0/49       AC:  3    Str: 11    XL:     6   Next: 24%
Magic:  6/6        EV: 16    Int:  9    God:
Gold:   131        SH:  0    Dex: 19    Spells: 0 memorised, 5 levels left

rFire  . . .     SeeInvis +     n - +5 long sword "Tolij" {venom, SInv}
rCold  . . .     Gourm    .     a - +0 robe
rNeg   . . .     Faith    .     (no shield)
rPois  .         Spirit   .     (no helmet)
rElec  .         Dismiss  .     (no cloak)
rCorr  .         Reflect  .     (no gloves)
SustAt .         Harm     .     c - +0 pair of boots
MR     .....                    (no amulet)
Stlth  ++........               (no ring)
                                (no ring)

@: lethally poisoned (0 -> -4), not resistant to hostile enchantments,
unstealthy
A: change form in water, swift swim
a: no special abilities


You were on level 5 of the Dungeon.
You were very hungry.

You visited 1 branch of the dungeon, and saw 5 of its levels.

You collected 131 gold pieces.

Inventory:

Hand Weapons
 n - the +5 long sword "Tolij" (weapon) {venom, SInv}
   (You found it on level 4 of the Dungeon)

   It poisons the flesh of those it strikes.
   It lets you see invisible.
Armour
 a - a +0 robe (worn)
 c - a +0 pair of boots (worn)
Jewellery
 j - an uncursed ring of ice {unknown}
Scrolls
 g - a scroll of remove curse
Potions
 d - a potion of brilliance {unknown}
 e - a potion of invisibility
 h - a potion of might
Comestibles
 b - 2 bread rations
 m - a meat ration


   Skills:
 + Level 4.6 Fighting
 + Level 5.4 Dodging
 - Level 2.1 Stealth
 * Level 6.6 Unarmed Combat


You had 5 spell levels left.
You didn't know any spells.

Dungeon Overview and Level Annotations

Branches:
Dungeon (5/15)             Temple (0/1) D:5

Altars:
Ashenzari
Dithmenos
Elyvilon
Gozag
Xom

Annotations:
D:5 Sigmund; epen's ghost, novice MfMo


Message History

A howler monkey comes into view.
Found a leather armour.
Found a shattered altar of Ashenzari.
Found 15 gold pieces.
Found a scale mail.
You see here 15 gold pieces.
A worker ant comes into view.
Found a staircase to the Ecumenical Temple.
You barely miss the worker ant. The worker ant misses you.
Epen's ghost hits you. The worker ant bites you.
You are poisoned.
The worker ant poisons you!
Epen's ghost hits you but does no damage.
You hit the worker ant.
The worker ant is poisoned.
The worker ant is lightly wounded.
You feel sick.
The worker ant bites you but does no damage.
Epen's ghost hits you!
* * * LOW HITPOINT WARNING * * *
The worker ant bites you.
You die...

*,,***.....[..####.............#.
*,*,,,........................(..
*,,,,,...........................
,,,,,,.........$####.............
,,,,,,..........## *,...........)
,,,,,,...........###.............
,,,,,,...........................
,,,,,,..........W.......#...)....
,,,,,,,.........@.[....##........
,,,,,,,.#.#.#.#a#......###.......
,,,,,,,,................#........
,,,,,,,,*.......#.......#........
,,,,,,,,,.......,...###..........
,,,,,,<,*...>...*....***,........
,,,,,,,,,.......,....#**,,.......
,,,,,,,,*.......*.#...**,,,......
,,,,,,*,,,,,,,,,,,**,,,,,,,......


You could see a worker ant and epen's ghost.

Vanquished Creatures
  An ogre (D:4)
  A crimson imp (D:5)
  A gnoll shaman (D:4)
  2 gnolls (D:5)
  An adder (D:2)
  3 oozes (D:1)
  6 worms
  4 dart slugs
  3 giant geckos
  A ball python (D:3)
  2 giant cockroaches (D:1)
  8 goblins
  7 hobgoblins
  4 quokkas
  4 bats
  2 giant newts (D:3)
  7 kobolds
  6 rats
63 creatures vanquished.

Notes
Turn   | Place    | Note
--------------------------------------------------------------
     0 | D:1      | epen the Merfolk Monk began the quest for the Orb.
     0 | D:1      | Reached XP level 1. HP: 18/18 MP: 1/1
    38 | D:1      | Reached XP level 2. HP: 20/24 MP: 2/2
   507 | D:1      | Reached XP level 3. HP: 26/29 MP: 3/3
   535 | D:1      | Reached skill level 5 in Unarmed Combat
  1366 | D:2      | Reached XP level 4. HP: 37/37 MP: 4/4
  1514 | D:2      | Found a shimmering altar of Xom.
  1516 | D:2      | Found an opulent altar of Gozag.
  1516 | D:2      | Found a shadowy altar of Dithmenos.
  1864 | D:3      | Found a white marble altar of Elyvilon.
  2892 | D:4      | Noticed a sky beast
  3097 | D:4      | Noticed an ogre
  3107 | D:4      | Killed an ogre
  3107 | D:4      | Reached skill level 5 in Dodging
  3107 | D:4      | Reached skill level 6 in Unarmed Combat
  3107 | D:4      | Reached XP level 5. HP: 21/43 MP: 5/5
  3355 | D:4      | Got a polished long sword
  3356 | D:4      | Identified the +5 long sword "Tolij" {venom, SInv} (You found it on level 4 of the Dungeon)
  3379 | D:4      | HP: 1/43 [gnoll/club (4)]
  3380 | D:5      | Entered Level 5 of the Dungeon
  3383 | D:5      | Reached XP level 6. HP: 13/49 MP: 6/6
  3730 | D:5      | Noticed an ice beast
  3787 | D:5      | Noticed epen's ghost (novice MfMo)
  3788 | D:5      | Noticed Sigmund
  3804 | D:5      | Noticed a sky beast
  3823 | D:5      | Found a shattered altar of Ashenzari.
  3834 | D:5      | Found a staircase to the Ecumenical Temple.
  3838 | D:5      | Slain by a worker ant

Skill      XL: |  1  2  3  4 |
---------------+-------------+-----
Unarmed Combat | 5 6 |  6.6
Fighting       | 4 |  4.6
Dodging        | 5 |  5.4
Stealth        | |  2.1

Action                   |  1- 3 |  4- 6 || total
-------------------------+-------+-------++-------
Melee: Unarmed           |    91 |    91 ||   182
       Punch             |     3 |     1 ||     4
       Long sword        |       |    27 ||    27
  Use: Scroll            |       |     8 ||     8
       Potion            |       |     1 ||     1
 Stab: Sleeping          |     9 |    10 ||    19
  Eat: Chunk             |     1 |     7 ||     8
Armor: Robe              |     7 |     9 ||    16
Dodge: Dodged            |    59 |    60 ||   119
